 Dungeon Crawl Stone Soup version 0.26-a0-660-gc07710193c (webtiles) character file.

Game seed: 10653460202468455904

20 lmSkywalker the Ruffian (level 2, 0/23 HPs)
             Began as a Draconian Transmuter on Oct 5, 2020.
             Succumbed to an adder's poison
             ... on level 2 of the Dungeon.
             The game lasted 00:03:16 (1256 turns).

lmSkywalker the Ruffian (Draconian Transmuter)      Turns: 1256, Time: 00:03:16

Health: 0/23       AC:  4    Str: 12    XL:     2   Next: 58%
Magic:  4/5        EV: 12    Int: 13    God:
Gold:   92         SH:  0    Dex: 11    Spells: 2/5 levels left

rFire    . . .     SeeInvis .     - Unarmed
rCold    . . .     Faith    .   (no shield)
rNeg     . . .     Spirit   .   (armour unavailable)
rPois    .         Reflect  .   (helmet currently unavailable)
rElec    .         Harm     .   (no cloak)
rCorr    .         Rampage  .   (no gloves)
MR       .....                  (boots currently unavailable)
Stlth    +.........             (no amulet)
HPRegen  0.07/turn              (no ring)
MPRegen  0.09/turn              (no ring)

@: mighty, lethally poisoned (0 -> -10), appendages (expiring), invisible
A: unfitting armour, horns 2, talons 2, cold-blooded, AC +4
a: End Transformation


You were on level 2 of the Dungeon.
You had grown temporary horns.
You had grown temporary talons.
You visited 1 branch of the dungeon, and saw 2 of its levels.

You collected 92 gold pieces.

Inventory:

Missiles
 a - 17 poisoned darts (quivered)
Jewellery
 h - an uncursed ring of fire {unknown}
Scrolls
 b - 2 scrolls of remove curse {unknown}
 c - 3 scrolls of identify
 e - a scroll of magic mapping {unknown}
 f - a scroll of immolation {unknown}
 i - 2 scrolls of teleportation
Potions
 d - a potion of flight
 k - a potion of haste {unknown}
 l - a potion of stabbing {unknown}


   Skills:
 - Level 1.1 Fighting
 - Level 1.7 Dodging
 + Level 4.0 Unarmed Combat
 - Level 2.0 Spellcasting
 - Level 2.0 Transmutations


You had 2 spell levels left.
You knew the following spells:

 Your Spells              Type           Power        Failure   Level
a - Beastly Appendage     Tmut           #.....       11%         1
b - Wereblood             Tmut           #.......     17%         2

Your spell library contained the following spells:

 Spells                   Type           Power        Failure   Level
 Spider Form              Tmut/Pois      #.........   45%         3
 Ice Form                 Ice/Tmut       #.......     86%         4
 Blade Hands              Tmut           #.........   97%         5


Dungeon Overview and Level Annotations

Branches:
Dungeon (2/15)

Altars:


Innate Abilities, Weirdness & Mutations

Your plain brown scales are hard. (AC +4)
You cannot fit into any form of body armour.
You are cold-blooded and may be slowed by cold attacks.
You have a pair of horns on your head.
You have razor-sharp toenails.


Message History

You miss the adder. Your kick misses the adder.
You feel sick. The adder bites you.
You are more poisoned.
The adder poisons you!
You closely miss the adder. Your headbutt misses the adder.
Your tail-slap misses the adder.
The adder bites you.
You barely miss the adder.
You feel sick. The adder misses you.
You hit the adder but do no damage. You claw the adder.
The adder is lightly wounded.
The adder bites you.
* * * LOW HITPOINT WARNING * * *
It was a potion of might.
You feel very mighty all of a sudden. The adder bites you but does no damage.
The adder bites you.
* * * LOW HITPOINT WARNING * * *
You are more poisoned.
The adder poisons you!
It was a potion of invisibility.
You fade into invisibility!
You die...

... #.# #.# #.#
#.# #.#
#########.#####.#
#
#........@......#
#
#.#######S####...
# ######.## ...#
#.......# .....#
##. #.###...#
##...## #..
#.#...#.# ##.##
... #.#.#...# #.#
#.# #.......# #(#
#.# ###.#####
##+# #.#


You could see an adder.

Vanquished Creatures
  5 bats (D:1)
  3 giant cockroaches (D:2)
  5 hobgoblins (D:1)
  A quokka (D:2)
  2 goblins
  A rat (D:2)
17 creatures vanquished.

Notes
Turn   | Place    | Note
-------+----------+-------------------------------------------
     0 | D:1      | lmSkywalker the Draconian Transmuter began the quest for
                  | the Orb.
     0 | D:1      | Reached XP level 1. HP: 16/16 MP: 3/3
   562 | D:1      | Reached XP level 2. HP: 23/23 MP: 3/5
   961 | D:2      | Learned a level 2 spell: Wereblood
  1218 | D:2      | Reached skill level 4 in Unarmed Combat
  1255 | D:2      | HP: 1/23 [adder (3)]
  1256 | D:2      | Succumbed to an adder's poison

Illustrated notes

Levels and vault maps discovered:
D:1:      dpeg_arrival_tiny_k, layout_loops_ring, roderic_lattice_a
D:2:      layout_loops_corners

Skill      XL: |  1  2 |
---------------+-------+-----
Unarmed Combat | 4 |  4.0
Fighting       | |  1.1
Dodging        | |  1.7
Spellcasting   | |  2.0
Transmutations | |  2.0

Action                   || total
-------------------------++-------
Melee: Unarmed           ||    46
       Kick              ||    10
       Tailslap          ||     3
       Headbutt          ||     6
Throw: Dart              ||     5
 Cast: Beastly Appendage ||    17
  Use: Scroll            ||     2
       Potion            ||     2
Armor: Skin              ||    11
Dodge: Dodged            ||    33

Table legend: (Time is in decaauts)
 A = Elapsed time spent in this place.
 B = Non-inter-level travel time spent in this place.
 C = Inter-level travel time spent in this place.
 D = Time resting spent in this place.
 E = Time spent auto-exploring this place.
 F = Levels seen in this place.
 G = Mean time per level.
                   A        B        C        D        E       F      G
               +--------+--------+--------+--------+--------+-----+--------+
         Total |   1253 |   1187 |     66 |      4 |    959 |   2 |  626.5 |
       Dungeon |   1253 |   1187 |     66 |      4 |    959 |   2 |  626.5 |
               +--------+--------+--------+--------+--------+-----+--------+

Top non-repeatable levels by time:
     D:1: 897 daAuts
     D:2: 355 daAuts
